 Dungeon Crawl Stone Soup version 0.20-a0-537-g052e6ba (webtiles) character file.

38 Melkor the Caller (level 3, 0/24 HPs)
             Began as a Barachian Summoner on Jan 28, 2017.
             Slain by a bat (1 damage)
             ... on level 2 of the Dungeon.
             The game lasted 00:03:44 (1422 turns).

Melkor the Caller (Barachian Summoner)              Turns: 1422, Time: 00:03:45

Health: 0/24       AC:  4    Str:  7    XL:     3   Next: 43%
Magic:  3/6        EV: 12    Int: 13    God:
Gold:   58         SH:  0    Dex: 11    Spells: 3/6 levels left

rFire    . . .     SeeInvis .   g - +0 whip
rCold    . . .     Gourm    .   j - +0 robe
rNeg     . . .     Faith    .   (no shield)
rPois    .         Spirit   .   (no helmet)
rElec    .         Reflect  .   (no cloak)
rCorr    .         Harm     .   (no gloves)
MR       .....                  n - +1 pair of boots
Stlth    ++........             (no amulet)
Regen    0.1/turn               (no ring)
                                (no ring)

@: slow
A: swims, slowness 1, strong legs 1
a: Hop


You were on level 2 of the Dungeon.
You were not hungry.

You visited 1 branch of the dungeon, and saw 2 of its levels.

You collected 58 gold pieces.

Inventory:

Hand Weapons
 g - a +0 whip (weapon)
Armour
 a - a +0 robe
 j - a +0 robe (worn)
 n - a +1 pair of boots (worn)
Wands
 l - a wand of random effects (28/48)
Scrolls
 d - a scroll of noise {unknown}
 e - 3 scrolls of remove curse
 f - a scroll of blinking {unknown}
 h - 2 scrolls of identify {unknown}
 i - 2 scrolls of enchant weapon {unknown}
Potions
 k - a potion of brilliance {unknown}
 m - a potion of curing {unknown}
 o - a potion of haste {unknown}
Books
 b - a book of Callings

   Spells                             Type                      Level
   a - Summon Small Mammal            Summoning                    1
   b - Call Imp                       Summoning                    2
   c - Call Canine Familiar           Summoning                    3
   d - Summon Guardian Golem          Hexes/Summoning              3
   e - Summon Lightning Spire         Summoning/Air                4
   f - Summon Ice Beast               Ice/Summoning                4
Comestibles
 c - a bread ration


   Skills:
 - Level 2.0 Dodging
 - Level 2.0 Stealth
 + Level 2.3 Spellcasting
 * Level 5.4 Summonings


You had 3 spell levels left.
You knew the following spells:

 Your Spells              Type           Power        Failure   Level  Hunger
a - Summon Small Mammal   Summ           ###.         3%          1    #......
b - Call Imp              Summ           ###.....     6%          2    ###....


Dungeon Overview and Level Annotations

Branches:
Dungeon (2/15)

Altars:


Innate Abilities, Weirdness & Mutations

You can swim through water.
You cover ground slowly.
You can hop short distances.


Message History

The bat barely misses you.
Casting: Call Imp
Confirm with . or Enter, or press ? or * to list all spells.
A beastly little devil appears in a puff of flame.
The bat closely misses you. The hobgoblin hits you!
* * * LOW HITPOINT WARNING * * *
Okay, then.
The bat hits you but does no damage. The bat barely misses you.
The bat hits you but does no damage. The bat barely misses you.
The bat completely misses you. The hobgoblin closely misses you.
The bat hits you but does no damage.
Your crimson imp hits the hobgoblin but does no damage.
Okay, then.
The bat barely misses you. The bat hits you but does no damage.
The bat closely misses you.
Your crimson imp barely misses the bat.
The bat closely misses your crimson imp.
The bat hits you.
You die...

#.# #.. #..##..
#$.... ##..wS ##.#..
#..#.g ####..(..
#############....##..
#...@b............#..
#....g..5............
#..####..........####
##...####......####..
##.5..####..####....
##g....######.....5
##.....######...b.g
##.w..####..####..g.
##...####......####..


You could see a hobgoblin, a bat and a friendly crimson imp.

Vanquished Creatures
  A dart slug (D:1)
  A giant cockroach (D:2)
  2 goblins
  3 kobolds (D:1)
  A quokka (D:2)
  2 bats (D:1)
  3 rats (D:1)
13 creatures vanquished.

Vanquished Creatures (collateral kills)
  A gnoll (D:2)
  2 adders (D:2)
  A dart slug (D:2)
  A leopard gecko (D:1)
  A goblin (D:1)
  A hobgoblin (D:1)
  2 bats
  4 kobolds
  2 rats (D:2)
15 creatures vanquished.

Grand Total: 28 creatures vanquished

Notes
Turn   | Place    | Note
-------+----------+-------------------------------------------
     0 | D:1      | Melkor the Barachian Summoner began the quest for the Orb.
     0 | D:1      | Reached XP level 1. HP: 13/13 MP: 3/3
   286 | D:1      | Reached XP level 2. HP: 13/19 MP: 1/5
   815 | D:1      | Reached skill level 5 in Summonings
   893 | D:2      | Learned a level 2 spell: Call Imp
   954 | D:2      | Reached XP level 3. HP: 24/24 MP: 2/6
  1413 | D:2      | HP: 1/24 [hobgoblin (7)]
  1422 | D:2      | Slain by a bat

Vault maps used:
D:1:      dpeg_arrival_tiny_a
D:2:      minmay_large_rounded_square, minmay_misc_feat_x, minmay_pentomino_q2,
          uniq_sigmund

Skill      XL: |  1  2 |
---------------+-------+-----
Summonings     | 5 |  5.4
Dodging        | |  2.0
Stealth        | |  2.0
Spellcasting   | |  2.3

Action                   || total
-------------------------++-------
Melee: Whip              ||    85
       Unarmed           ||    11
 Cast: Summon Small Mamm ||    28
       Call Imp          ||    14
 Abil: Hop               ||     1
  Use: Scroll            ||     1
  Eat: Chunk             ||     2
       Bread ration      ||     1
Armor: Robe              ||    51
Dodge: Dodged            ||   133
